 Dungeon Crawl Stone Soup version 0.30-a0-568-g124715a40b (webtiles) character file.

Game seed: 14850168391603465591

105 IdlyInterested the Firebug (level 4, -3/33 HPs)
             Began as a Demonspawn Wanderer on Dec 28, 2022.
             Slain by an orc
             ... wielding a +0 trident
              (4 damage)
             ... on level 3 of the Dungeon.
             The game lasted 00:08:32 (1928 turns).

IdlyInterested the Firebug (Demonspawn Wanderer)    Turns: 1928, Time: 00:08:33

Health: -3/33      AC:  3    Str: 10    XL:     4   Next: 53%
Magic:  1/5        EV: 10    Int: 17    God:
Gold:   117        SH:  8    Dex: 13    Spells: 4/5 levels left

rFire   . . .      SeeInvis .    a - +2 short sword (venom)
rCold   . . .      Faith    .    b - +0 buckler
rNeg    . . .      Spirit   .    d - +0 robe
rPois   .          Reflect  .    (no helmet)
rElec   .          Harm     .    (no cloak)
rCorr   .          Rampage  .    (no gloves)
Will    .....                    h - +0 pair of boots
Stlth   ++                       (no amulet)
HPRegen 0.25/turn                (no ring)
MPRegen 0.09/turn                (no ring)

@: mighty
A: powered by pain 1, condensation shield
a: no special abilities


You were on level 3 of the Dungeon.
You visited 1 branch of the dungeon, and saw 3 of its levels.

You collected 117 gold pieces.

Inventory:

Hand Weapons
 a - a +2 short sword of venom (weapon)
 r - a +0 long sword
 t - a +4 rapier of holy wrath
Missiles
 e - 28 stones
 f - 3 poisoned darts
Armour
 b - a +0 buckler (worn)
 d - a +0 robe (worn)
 h - a +0 pair of boots (worn)
Magical Staves
 s - a staff of cold
Scrolls
 g - a scroll of immolation
 j - 2 scrolls of vulnerability {unknown}
 n - a scroll of magic mapping
 o - a scroll of silence {unknown}
 p - a scroll of identify {unknown}
Potions
 c - a potion of curing
 i - a potion of magic {unknown}
 k - a potion of berserk rage {unknown}
 l - a potion of invisibility {unknown}
 m - a potion of cancellation {unknown}
 q - a potion of attraction {unknown}
 u - a potion of lignification {unknown}


   Skills:
 * Level 1.8 Fighting
 - Level 1.7 Short Blades
 * Level 0.2 Throwing
 - Level 1.0 Armour
 - Level 1.0 Stealth
 - Level 1.0 Shields
 - Level 1.0 Spellcasting
 * Level 5.0 Fire Magic


You had 4 spell levels left.
You knew the following spells:

 Your Spells              Type           Power      Damage    Failure   Level
a - Foxfire               Conj/Fire      36%        2x1d5     11%         1

Your spell library contained the following spells:

 Spells                   Type           Power      Damage    Failure   Level
 Freeze                   Ice            0%         1d3       28%         1
 Ignite Poison            Fire/Tmut/Pois 6%         N/A       41%         3
 Kindle Blastsparks       Fire/Tloc/Air  12%        2d11      41%         3
 Frozen Ramparts          Ice            0%         1d1       65%         3
 Hailstorm                Conj/Ice       0%         3d3       65%         3
 Freezing Cloud           Conj/Ice/Air   0%         6-21      100%        5


Dungeon Overview and Level Annotations

Branches:
Dungeon (3/15)

Altars:

Shops:
D:2 (


Innate Abilities, Weirdness & Mutations

You sometimes gain a little power by taking damage.
A meltable shield of frost defends you. (SH +4)


Message History

The gnoll hits you but does no damage.
Your magical contamination has completely faded away.
You closely miss the gnoll.
The foxfire hits the gnoll.
The gnoll is severely wounded.
The foxfire hits the gnoll.
The gnoll is almost dead.
You hit the gnoll.
The gnoll is poisoned.
The gnoll is moderately wounded.
You kill the gnoll!
The orc misses you. The rat bites you.
A goblin comes into view. It is wielding a +0 club.
The gnoll hits you from afar with a +0 spear.
You hit the adder.
The adder is moderately wounded.
The adder misses you. You block the gnoll's attack. You block the orc's attack.
The rat barely misses you. The gnoll barely misses you.
The gnoll hits you from afar with a +0 spear.
The adder bites you.
You barely miss the adder.
The adder is moderately wounded.
You block the orc's attack. The rat closely misses you.
The gnoll hits you with a +0 whip!
* * * LOW HITPOINT WARNING * * *
You focus on the pain.
You feel very mighty all of a sudden. The gnoll hits you with a +0 whip.
* * * LOW HITPOINT WARNING * * *
You block the gnoll's attack. The adder bites you but does no damage.
You miss the adder.
The adder is moderately wounded.
The orc hits you from afar with a +0 trident.
* * * LOW HITPOINT WARNING * * *
You block the rat's attack. The gnoll completely misses you.
You block the gnoll's attack. The gnoll barely misses you. The adder bites you.
* * * LOW HITPOINT WARNING * * *
You closely miss the adder.
The adder is moderately wounded.
The adder barely misses you. You block the gnoll's attack.
The orc hits you from afar with a +0 trident.
You die...

#........ ##
.#.....
........ .. .
....#
...##.....# .
....#.g.##...
#?ggr....#
#@So#
#......g....
.....######....
#..# ... .. .


You could see 3 gnolls, an adder, an orc, a goblin and a rat.

Vanquished Creatures
  A gnoll (D:3)
  2 adders (D:2)
  A worm (D:2)
  3 dart slugs
  4 ball pythons
  9 endoplasms
  A giant cockroach (D:1)
  5 goblins
  11 hobgoblins
  4 quokkas
  6 bats
  5 frilled lizards (D:1)
  4 kobolds
  7 rats
63 creatures vanquished.

Vanquished Creatures (others)
  72 foxfires
72 creatures vanquished.

Grand Total: 135 creatures vanquished

Notes
Turn   | Place    | Note
-------+----------+-------------------------------------------
     0 | D:1      | IdlyInterested the Demonspawn Wanderer began the quest for
                  | the Orb.
     0 | D:1      | IdlyInterested set off with the following items: a +2 short
                  | sword, a +0 buckler, a potion of curing, a +0 robe; and the
                  | following spell memorised: Foxfire; and the following
                  | spells available to memorise: Kindle Blastsparks.
     0 | D:1      | Reached XP level 1. HP: 15/15 MP: 2/2
   200 | D:1      | Reached skill level 4 in Fire Magic
   200 | D:1      | Gained mutation: A meltable shield of frost defends you.
                  | (SH +4) [demonic ancestry]
   200 | D:1      | Reached XP level 2. HP: 21/21 MP: 1/3
   262 | D:1      | Found a faded altar of an unknown god.
   470 | D:1      | Reached XP level 3. HP: 19/26 MP: 1/4
   892 | D:2      | Reached skill level 1 in Stealth
  1205 | D:2      | Found Efyod's Antique Weapon Boutique.
  1213 | D:2      | Gained mutation: You sometimes gain a little power by
                  | taking damage. [demonic ancestry]
  1213 | D:2      | Reached XP level 4. HP: 28/32 MP: 0/5
  1855 | D:2      | Reached skill level 5 in Fire Magic
  1927 | D:3      | HP: 1/33 [adder (2)]
  1928 | D:3      | Slain by an orc

Illustrated notes

Levels and vault maps discovered:
D:1:      tarquinn_simple_flora_water_a, layout_rooms,
          hellmonk_ecumenical_altar_inner_sanctum, minmay_vboxes
D:2:      minmay_recursive_quarters, layout_basic, serial_shops,
          nicolae_shop_advertising_works [nicolae_subvault_shop_adworks],
          serial_bayou_pond_e
D:3:      layout_rooms, trog_antimagical, mainiacjoe_overflow_six_doors_small,
          uniq_crazy_yiuf_cottage, uniq_sigmund

Skill      XL: |  1  2  3  4 |
---------------+-------------+-----
Fire Magic     | 4 5 |  5.0
Stealth        | 1 |  1.0
Fighting       | |  1.8
Short Blades   | |  1.7
Throwing       | |  0.2
Armour         | |  1.0
Shields        | |  1.0
Spellcasting   | |  1.0

Action                   |  1- 3 |  4- 6 || total
-------------------------+-------+-------++-------
Melee: Short sword       |    98 |    30 ||   128
 Cast: Foxfire           |    34 |     9 ||    43
  Use: Scroll            |     4 |       ||     4
 Stab: Sleeping          |     3 |     1 ||     4
Armor: Robe              |    16 |     3 ||    19
Dodge: Dodged            |    35 |    17 ||    52
Block: Buckler           |    19 |    11 ||    30

Table legend: (Time is in decaauts)
 A = Elapsed time spent in this place.
 B = Non-inter-level travel time spent in this place.
 C = Inter-level travel time spent in this place.
 D = Time resting spent in this place.
 E = Time spent auto-exploring this place.
 F = Levels seen in this place.
 G = Mean time per level.
                   A        B        C        D        E       F      G
               +--------+--------+--------+--------+--------+-----+--------+
         Total |   1922 |   1814 |    108 |    175 |   1129 |   3 |  640.7 |
       Dungeon |   1922 |   1814 |    108 |    175 |   1129 |   3 |  640.7 |
               +--------+--------+--------+--------+--------+-----+--------+

Top non-repeatable levels by time:
     D:2: 986 daAuts
     D:1: 923 daAuts
     D:3: 12 daAuts
